 Dungeon Crawl Stone Soup version 0.31-a0-1336-g7fd7ca34b5 (webtiles) character file.

Game seed: 14676862324667456932

705 Dirian the Chopper (level 7, 0/61 HPs)
             Began as a Minotaur Fighter on Dec 21, 2023.
             Slain by an orc priest
             ... wielding a +0 short sword
              (2 damage)
             ... on level 3 of the Dungeon.
             The game lasted 00:03:21 (1609 turns).

Dirian the Chopper (Minotaur Fighter)               Turns: 1609, Time: 00:03:22

Health: 0/61       AC:  8    Str: 22    XL:     7   Next: 39%
Magic:  6/6        EV: 14    Int:  5    God:
Gold:   113        SH:  4    Dex: 10    Spells: 6/6 levels left

rFire   . . .        a - +0 war axe
rCold   . . .        c - +0 buckler
rNeg    . . .        b - +0 scale mail
rPois   .            (helmet restricted)
rElec   .            (no cloak)
rCorr   .            m - +0 pair of gloves
SInv    .            (no boots)
Will    .....        (no amulet) Stlth
                     g - +5 ring of evasion
HPRegen 0.30/turn    (no ring)
MPRegen 0.10/turn

%: no passive effects
@: no status effects
A: horns 2, retaliatory headbutt
a: no special abilities


You were on level 3 of the Dungeon.
You visited 2 branches of the dungeon, and saw 5 of its levels.

You collected 113 gold pieces.

Inventory:

Hand Weapons
 a - a +0 war axe (weapon)
Armour
 b - a +0 scale mail (worn)
 c - a +0 buckler (worn)
 m - a +0 pair of gloves (worn)
Jewellery
 g - a +5 ring of evasion (left hand)
 h - an amulet of regeneration
Scrolls
 j - a scroll of poison {unknown}
 k - a scroll of teleportation {unknown}
 l - a scroll of revelation {unknown}
 o - 2 scrolls of identify {unknown}
Potions
 d - a potion of might
 e - a potion of invisibility {unknown}
 f - 2 potions of curing {unknown}
 i - a potion of brilliance {unknown}
 n - a potion of ambrosia {unknown}


   Skills:
 + Level 5.5 Fighting
 + Level 7.5 Axes
 + Level 5.5 Armour
 + Level 4.7 Shields


You had 6 spell levels left.
You didn't know any spells.
Your spell library was empty.

Dungeon Overview and Level Annotations

Branches:
Dungeon (4/15) Zot: 22340  Temple (1/1) D:4 Zot: 5998

Altars:
Ashenzari
Dithmenos
Elyvilon
Hepliaklqana
Makhleb
Nemelex Xobeh
Qazlal
Ru
Trog
Wu Jian
Xom
Yredelemnul

Shops:
D:1 :   D:2 :


Innate Abilities, Weirdness & Mutations

You have a pair of horns on your head.
You reflexively headbutt those who attack you in melee.


Message History

The orc priest is moderately wounded.
The orc priest mumbles some strange prayers to Beogh against you.
Beogh smites you!
You hear a shout!
You closely miss the orc priest.
The orc priest is moderately wounded.
The orc priest hits you with a +0 hand axe.
The orc priest miscasts a cantrip.
An orc wizard comes into view. It is wielding a +0 dagger.
The orc priest barely misses you.
You barely miss the orc priest. Your headbutt misses the orc priest.
The orc priest is moderately wounded.
The orc priest hits you with a +0 hand axe.
A rat comes into view.
You closely miss the orc priest.
The rat squeaks loudly.
You headbutt the orc priest.
The orc priest is severely wounded.
The orc priest hits you but does no damage.
You hit the orc priest but do no damage.
The orc priest is severely wounded.
The orc priest hits you with a +0 hand axe.
The orc priest calls down the wrath of Beogh upon you.
Beogh smites you!
* * * LOW HITPOINT WARNING * * *
You slash the orc priest!
You kill the orc priest!
You completely miss the orc priest.
The orc priest mumbles some strange prayers to Beogh against you.
Beogh smites you!
* * * LOW HITPOINT WARNING * * *
You barely miss the orc priest. You headbutt the orc priest.
The orc priest is lightly wounded.
The orc priest misses you. You furiously retaliate!
You headbutt the orc priest. You closely miss the orc priest.
The orc priest is heavily wounded.
You closely miss the rat.
The orc priest hits you with a +0 short sword.
You die...

#.#######......#.
#.#### #......#.
#....# #......##
## ##....#
###.#####
##..#.....# #
###...#.....##. #
.o.....o........
#
.o....#o######..
# .oo...#@# .
.#### #r# #.# #:#
..# ..# ...# ##.#
#.#


You could see an orc priest, an orc wizard and a rat.

Vanquished Creatures
  Grinder (D:4)
  Sigmund (D:2)
  A howler monkey (D:4)
  2 hounds (D:4)
  An orc priest (D:3)
  An iguana (D:4)
  An orc wizard (D:4)
  Robin (D:4)
  4 adders
  A gnoll (D:1)
  A shadow imp (D:4)
  A bombardier beetle (D:4)
  An adder skeleton (D:2)
  A worm (D:2)
  2 dart slugs (D:1)
  5 orcs
  A bat skeleton (D:2)
  A bat zombie (D:2)
  4 endoplasms
  5 giant cockroaches
  8 goblins (D:4)
  5 hobgoblins
  3 jackals (D:1)
  3 quokkas
  6 ball pythons
  4 bats
  6 frilled lizards
  5 kobolds
  A quokka skeleton (D:2)
  5 rats
82 creatures vanquished.

Notes
Turn   | Place    | Note
-------+----------+-------------------------------------------
     0 | D:1      | Dirian the Minotaur Fighter began the quest for the Orb.
     0 | D:1      | Reached XP level 1. HP: 19/19 MP: 0/0
    46 | D:1      | Reached XP level 2. HP: 27/27 MP: 1/1
   303 | D:1      | Found Apnuguz's Book Emporium.
   338 | D:1      | Reached XP level 3. HP: 33/33 MP: 2/2
   409 | D:1      | Reached skill level 3 in Axes
   956 | D:2      | Reached XP level 4. HP: 37/40 MP: 3/3
   982 | D:2      | Noticed Sigmund
   991 | D:2      | Killed Sigmund
   992 | D:2      | Reached skill level 5 in Axes
   992 | D:2      | Reached skill level 5 in Armour
   992 | D:2      | Reached XP level 5. HP: 38/47 MP: 4/4
  1067 | D:2      | Found a shimmering altar of Xom.
  1150 | D:2      | Found Qaojuner's Book Shop.
  1198 | D:2      | You fall into a shaft and drop 2 floors!
  1247 | D:4      | Found a sparkling altar of Nemelex Xobeh.
  1309 | D:4      | Reached XP level 6. HP: 44/55 MP: 5/5
  1332 | D:4      | Noticed Grinder
  1334 | D:4      | Noticed Robin
  1349 | D:4      | Reached skill level 6 in Axes
  1354 | D:4      | Reached skill level 5 in Fighting
  1356 | D:4      | Killed Robin
  1367 | D:4      | Paralysed by Grinder for 2 turns
  1376 | D:4      | Killed Grinder
  1377 | D:4      | Reached skill level 7 in Axes
  1377 | D:4      | Reached XP level 7. HP: 28/61 MP: 6/6
  1433 | D:4      | Found a staircase to the Ecumenical Temple.
  1440 | Temple   | Entered the Ecumenical Temple
  1607 | D:3      | HP: 2/61 [orc priest/divine providence (15)]
  1609 | D:3      | Slain by an orc priest

Illustrated notes

Levels and vault maps discovered:
D:1:      onia_arrival_handbag, layout_basic, serial_shops, shop
D:2:      layout_basic, serial_shops, shop, nicolae_book_shop_shelving,
          basic_altar, ebering_ecumenical_altar_sacrificial, serial_undead,
          serial_undead_d, serial_undead_e, serial_undead_f, serial_undead_c,
          uniq_sigmund
D:3:      minmay_recursive_quarters, layout_basic, kennysheep_another_room,
          minmay_liquid_box, corexii_leaking_fountain, uniq_ijyb
D:4:      layout_loops_cross, kennysheep_mini_moat, minmay_temple_entry_waves,
          hangedman_decor_clover_reticule, chequers_mini_garden,
          minmay_checkerbox, uniq_robin, uniq_grinder
Temple:   dpeg_chambers_temple

Skill      XL: |  1  2  3  4  5  6 |
---------------+-------------------+-----
Armour         | 4 5 |  5.5
Shields        | 4 |  4.7
Fighting       | 4 5 |  5.5
Axes           | 3 5 7 |  7.5

Action                     |  1- 3 |  4- 6 |  7- 9 || total
---------------------------+-------+-------+-------++-------
  Melee: War axe           |    81 |    75 |    24 ||   180
         Headbutt          |     8 |     8 |     6 ||    22
    Use: Potion            |       |     1 |       ||     1
 Armour: Scale mail        |    60 |    40 |     8 ||   108
  Dodge: Dodged            |    43 |    42 |     7 ||    92
  Block: Buckler           |    19 |    14 |     3 ||    36

Table legend: (Time is in decaauts)
 A = Elapsed time spent in this place.
 B = Non-inter-level travel time spent in this place.
 C = Inter-level travel time spent in this place.
 D = Time resting spent in this place.
 E = Time spent auto-exploring this place.
 F = Levels seen in this place.
 G = Mean time per level.
                   A        B        C        D        E       F      G
               +--------+--------+--------+--------+--------+-----+--------+
         Total |   1660 |   1597 |     63 |      0 |   1093 |   5 |  332.0 |
       Dungeon |   1658 |   1595 |     63 |      0 |   1093 |   4 |  414.5 |
        Temple |      1 |      1 |      0 |      0 |      0 |   1 |    1.0 |
               +--------+--------+--------+--------+--------+-----+--------+

Top non-repeatable levels by time:
     D:1: 894 daAuts
     D:2: 336 daAuts
     D:4: 275 daAuts
     D:3: 151 daAuts
  Temple: 1 daAuts
